AoeStats
← Child of Light

Four Lakes

509142073Analyzed
1v1 RM · 8d ago on Sep 25, 2026· 37m 47s· 2 players
Game mode
Random Map
Map size
Tiny (2 player)
Population
200
Speed
Normal
Resources
Standard
Victory
Conquest
Starting age
Dark Age
Ending age
Imperial Age
RankedLock teamsTeams togetherTeam positionsShared explorationLock speedFull tech treeHidden civsTurbo modeCheats
Victory
Defeat
🇧🇷 Magyars · Brazil
1052
+17
🇱🇻 Gurjaras · Latvia
1073
-17
Child of Light
7:59 Loom
11:29 Feudal Age
13:14 Double-Bit Axe
14:18 Fishing Lines
18:16 Castle Age
16:10 Gold Mining
17:28 Scale Barding Armor
17:15 Fletching
18:21 Scale Mail Armor
19:19 Bow Saw
19:52 Gillnets
23:30 Wheelbarrow
25:38 Bodkin Arrow
27:10 Crossbowman
28:15 Pikeman
30:16 Chain Mail Armor
34:05 Imperial Age
35:44 Masonry
35:45 Bracer
maarcislv23
5:19 Loom
10:15 Feudal Age
10:48 Double-Bit Axe
16:20 Castle Age
17:47 Bow Saw
18:15 Wheelbarrow
17:45 Horse Collar
23:58 Bloodlines
26:59 Fletching
29:14 Bodkin Arrow
36:23 Imperial Age
36:11 Scale Barding Armor
36:47 Stone Mining
38:03 Hoardings
Connection lost

Rejoining the realm…

Still unreachable

The connection could not be restored.

Session expired

The server has moved on; the page needs a fresh start.